 Dungeon Crawl Stone Soup version 0.27-a0-1228-gfd60fd639a (webtiles) character file.

Game seed: 17322280510034257797

10850 robertstho the Thaumaturge (level 12, -9/83 HPs)
             Began as a Djinni Fire Elementalist on June 7, 2021.
             Was an Initiate of Gozag.
             Mangled by a boulder beetle (19 damage)
             ... on level 11 of the Dungeon.
             The game lasted 00:19:40 (14795 turns).

robertstho the Thaumaturge (DjFE)                  Turns: 14795, Time: 00:19:41

Health: -9/83      AC:  6    Str: 11    XL:     12   Next: 0%
Gold:   503        EV: 14    Int: 18    God:    Gozag SH:  0 Dex: 20

rFire    + + +     SeeInvis .   p - +7 mace of Fedhas's Felicitations {holy, rCorr Str+4 Int-3 Dex+5}
rCold    . . .     Faith    .   (no shield)
rNeg     . . .     Spirit   .   a - +0 robe
rPois    ∞         Reflect  .   c - +2 hat
rElec    +         Harm     .   D - +0 cloak
rCorr    +         Rampage  .   t - +0 pair of gloves
Will     ++...                  (boots unavailable)
Stlth    +++.......             f - amulet of the Air {Inacc Air Fly rElec RMsl}
HPRegen  0.23/turn              m - ring of willpower
MPRegen  0.00/turn              K - +4 ring of slaying

@: brilliant, resistant, flying, repel missiles
A: sickness immunity, fire resistance 2, cold vulnerability 1, float, innate
caster, hp casting, extra vitality 1
a: Renounce Religion, Potion Petition, Call Merchant, Bribe Branch


You were on level 11 of the Dungeon.
You worshipped Gozag.
Gozag was pleased with you.
You visited 2 branches of the dungeon, and saw 12 of its levels.

You collected 1842 gold pieces.
You spent 564 gold pieces at shops.
You paid 775 gold pieces to Gozag.

Inventory:

Hand Weapons
 e - a +0 short sword
 k - a +2 dagger of electrocution
 p - the +7 mace of Fedhas's Felicitations (weapon) {holy, rCorr Str+4 Int-3 Dex+5}
   (You found it on level 4 of the Dungeon)

   It has been blessed by the Shining One to cause great damage to the undead
   and demons.
   It affects your strength (+4).
   It affects your intelligence (-3).
   It affects your dexterity (+5).
   It protects you from acid and corrosion.
Missiles
 n - a throwing net
Armour
 a - a +0 robe (worn)
 c - a +2 hat (worn)
 t - a +0 pair of gloves (worn)
 y - a scarf of repulsion
 D - a +0 cloak (worn)
Jewellery
 f - the amulet of the Air (around neck) {Inacc Air Fly rElec RMsl}
   (You bought it in a shop on level 10 of the Dungeon)

   [amulet of nothing]

   It insulates you from electricity.
   It grants you flight.
   It protects you from missiles.
 m - a ring of willpower (left hand)
 s - a ring of positive energy
 F - an amulet of reflection
 K - a +4 ring of slaying (right hand)
Wands
 z - a wand of polymorph (15)
 B - a wand of paralysis (6)
 C - a wand of flame (25)
 I - a wand of digging (13)
 L - a wand of acid (14)
Scrolls
 b - a scroll of acquirement {unknown}
 h - 3 scrolls of enchant armour {unknown}
 l - 2 scrolls of vulnerability {unknown}
 o - a scroll of torment {unknown}
 q - 3 scrolls of teleportation
 v - 2 scrolls of amnesia {unknown}
 x - a scroll of noise
 E - 2 scrolls of magic mapping
 G - a scroll of brand weapon
 M - a scroll of fog
Potions
 g - 3 potions of haste
 i - 3 potions of brilliance
 j - 2 potions of curing
 u - a potion of attraction
 w - a potion of mutation
 H - a potion of berserk rage


   Skills:
 * Level 6.2 Fighting
 + Level 3.3 Maces & Flails
 + Level 3.9 Dodging
 + Level 4.6 Stealth
 + Level 0.3 Shields
 * Level 12.0 Spellcasting


You had 6 spell levels left.
You knew the following spells:

 Your Spells              Type           Power      Damage    Failure   Level
a - Foxfire               Conj/Fire      100%       2x1d9     1%          1
b - Conjure Flame         Conj/Fire      69%        6-21      1%          3
c - Inner Flame           Hex/Fire       69%        N/A       1%          3
d - Sticky Flame          Conj/Fire      69%        2d8       1%          4
e - Fireball              Conj/Fire      34%        3d14      1%          5
f - Sandblast             Erth           100%       2d20      1%          1
g - Searing Ray           Conj           100%       3d7       1%          2
h - Teleport Other        Tloc           69%        N/A       1%          3
i - Frozen Ramparts       Ice            100%       1d12      1%          3
j - Summon Lightning Spi  Summ/Air       88%        N/A       1%          4
Your spell library was empty.

Dungeon Overview and Level Annotations

Branches:
Dungeon (11/15)            Temple (1/1) D:4            Lair (0/6) D:8
    Orc (0/2) D:9

Altars:
Cheibriados
Dithmenos
Elyvilon
Fedhas
Gozag
Hepliaklqana
Nemelex Xobeh
Okawaru
Qazlal
Sif Muna
Trog
Uskayaw
Vehumet
Wu Jian
Xom
Yredelemnul
Zin
The Shining One

Shops:
D:2 :   D:10 =


Innate Abilities, Weirdness & Mutations

You are immune to sickness and miasma.
You are immune to poison.
Your flesh is very heat resistant. (rF++)
You are vulnerable to cold. (rC-)
You float through the air rather than walking.
You learn spells naturally, not from books.
Your magical power is your life essence.
You have superior vitality. (+4 HP)


Message History

Aim: a boulder beetle (rolling)
The fireball explodes!
The fireball engulfs the boulder beetle!!
The boulder beetle is moderately wounded.
Unknown command.
Casting: Fireball (dangerous; 1% risk of failure)
Confirm with . or Enter, or press ? or * to list all spells.
Aiming: Sticky Flame (mildly dangerous; 1% risk of failure)
Press: ? - help, Shift-Dir - straight line, f/p - boulder beetle
Aim: a boulder beetle (moderately wounded, rolling, 100% to hit)
The sticky flame hits the boulder beetle but does no damage.
The boulder beetle is moderately wounded.
The boulder beetle is covered in liquid flames!
The boulder beetle burns!
The boulder beetle hits you!!!
Ouch! That really hurt!
* * * LOW HITPOINT WARNING * * *
The boulder beetle stops rolling and uncurls.
Okay, then.
Casting: Sticky Flame (mildly dangerous; 1% risk of failure)
Confirm with . or Enter, or press ? or * to list all spells.
Aiming: Teleport Other (safe; 1% risk of failure)
Press: ? - help, Shift-Dir - straight line, f/p - boulder beetle
Aim: a boulder beetle (moderately wounded, covered in liquid flames, chance to affect: 68%)
Okay, then.
As you read the scroll labelled CUOCAXK FAPE, it crumbles to dust.
You hear a loud clanging noise!
It was a scroll of noise.
The boulder beetle burns!
The boulder beetle bites you.
* * * LOW HITPOINT WARNING * * *
It was a potion of brilliance.
You feel clever all of a sudden.
The boulder beetle burns!
The boulder beetle bites you!
* * * LOW HITPOINT WARNING * * *
It was a potion of resistance.
You feel protected.
The boulder beetle burns!
The boulder beetle closely misses you.
It was a potion of curing.
You feel better.
The boulder beetle burns!
The boulder beetle stops burning.
The boulder beetle bites you!!
You die...
Your body crumbles into a pile of gold.

##)#..##..........##.
.#####))##....###.####.##.
..............)# #.# #.##.
#####...#####..###.# #.##.
##...# ##.....# #....
#......###....### ###..
##..###..[#.##.# #.#
#..######...##.## #..
.####.○#...B@.......# ###
......#..######.....#### #
....°..8## #.##.....#
#..°.....## #.###.##.#
#.○.#.##..# #.# #..#.###
#.#...###.#####.#
##.#...#### #
#.#.........#.####..##....#
.[.######........###..####.#
#### #####.....###.####.#


You could see a boulder beetle.

Vanquished Creatures
  2 two-headed ogres
  Nergalle (D:10)
  A kobold demonologist (D:11)
  A troll (D:8)
  Grinder (D:6)
  A wyvern (D:10)
  Eustachio (D:6)
  8 yaks
  7 vampire mosquitoes
  Menkaure (D:6)
  An acid dragon (D:9)
  Duvessa (D:6)
  2 water moccasins
  A sky beast (D:6)
  7 orc warriors
  2 black bears
  An ice beast (D:6)
  2 wolves (D:8)
  3 ogres
  4 centaurs
  3 phantoms
  A kobold brigand (D:8)
  4 bullfrogs
  A scorpion (D:7)
  A gnoll sergeant (D:11)
  A wyvern zombie (D:8)
  Dowan (D:6)
  4 killer bees (D:8)
  4 howler monkeys
  5 wights (D:8)
  An electric eel (D:8)
  6 centaur zombies
  4 orc priests
  2 bullfrog zombies
  5 hounds (D:8)
  Crazy Yiuf (D:6)
  2 jellies
  A centaur skeleton (D:4)
  2 iguanas
  9 orc wizards
  A killer bee zombie (D:7)
  6 ogre zombies (D:9)
  A hound zombie (D:5)
  A hound skeleton (D:4)
  5 adders
  5 gnolls (D:11)
  A shadow imp (D:6)
  An adder skeleton (D:4)
  2 worms (D:4)
  3 dart slugs
  28 orcs
  6 ball pythons
  2 bats
  6 endoplasms
  4 giant cockroaches
  6 goblins
  3 hobgoblins (D:3)
  6 jackals
  9 kobolds
  A frilled lizard (D:3)
  3 goblin skeletons (D:9)
  A goblin zombie (D:9)
  A hobgoblin skeleton (D:9)
  4 hobgoblin zombies (D:9)
  An orc skeleton (D:9)
  9 orc zombies (D:9)
  5 rats
  A spectral orc (D:8)
  2 butterflies (D:4)
230 creatures vanquished.

Vanquished Creatures (collateral kills)
  A boulder beetle (D:11)
  A yak (D:10)
  An orc priest (D:11)
  An orc (D:11)
4 creatures vanquished.

Vanquished Creatures (others)
  817 foxfires
817 creatures vanquished.

Grand Total: 1051 creatures vanquished

Notes
Turn   | Place    | Note
-------+----------+-------------------------------------------
     0 | D:1      | robertstho the Djinni Fire Elementalist began the quest for
                  | the Orb.
     0 | D:1      | Reached XP level 1. HP: 15/15 MP: 0/0
   696 | D:1      | Reached XP level 2. HP: 20/21 MP: 0/0
  1127 | D:2      | Found Diuryfuk's Book Emporium.
  1131 | D:2      | Reached skill level 3 in Spellcasting
  1206 | D:2      | Reached XP level 3. HP: 20/26 MP: 0/0
  1206 | D:2      | Learned a level 1 spell: Sandblast
  1533 | D:2      | Reached skill level 1 in Fighting
  1618 | D:2      | Found a faded altar of an unknown god.
  1889 | D:3      | Reached XP level 4. HP: 28/32 MP: 0/0
  2389 | D:3      | Noticed an ogre
  2398 | D:3      | Killed an ogre
  2399 | D:3      | Reached skill level 4 in Spellcasting
  2399 | D:3      | Reached XP level 5. HP: 16/37 MP: 0/0
  2399 | D:3      | Learned a level 2 spell: Searing Ray
  3405 | D:4      | Reached XP level 6. HP: 38/42 MP: 0/0
  3411 | D:4      | Identified the +7 mace of Fedhas's Felicitations {holy,
                  | rCorr Str+4 Int-3 Dex+5}
  3472 | D:4      | Noticed a black bear
  3479 | D:4      | Killed a black bear
  4144 | D:4      | Reached skill level 5 in Spellcasting
  4144 | D:4      | Reached XP level 7. HP: 30/49 MP: 0/0
  4144 | D:4      | Learned a level 3 spell: Teleport Other
  4306 | D:4      | Identified Sif Muna's Tome of Transmigration
  4383 | D:4      | Found a staircase to the Ecumenical Temple.
  4411 | D:5      | Entered Level 5 of the Dungeon
  4454 | Temple   | Entered the Ecumenical Temple
  4461 | Temple   | Became a worshipper of Gozag Ym Sagoz the Greedy
  5551 | D:6      | Reached skill level 6 in Spellcasting
  5551 | D:6      | Reached XP level 8. HP: 54/55 MP: 0/0
  5560 | D:6      | Noticed Menkaure
  5566 | D:6      | Killed Menkaure
  5597 | D:6      | Noticed Dowan
  5604 | D:6      | Noticed Duvessa
  5613 | D:6      | Killed Dowan
  5613 | D:6      | Killed Duvessa
  6187 | D:6      | Noticed Eustachio
  6195 | D:6      | Killed Eustachio
  6255 | D:6      | Reached skill level 7 in Spellcasting
  6262 | D:6      | Reached XP level 9. HP: 51/61 MP: 0/0
  6262 | D:6      | Learned a level 3 spell: Frozen Ramparts
  6777 | D:6      | Found a runed translucent door.
  6778 | D:6      | Noticed Crazy Yiuf
  6836 | D:6      | Noticed Grinder
  6844 | D:6      | Killed Grinder
  7039 | D:6      | Reached skill level 8 in Spellcasting
  7242 | D:6      | Killed Crazy Yiuf
  8288 | D:7      | Reached skill level 9 in Spellcasting
  8653 | D:8      | Reached XP level 10. HP: 59/67 MP: 0/0
  9028 | D:8      | Reached skill level 10 in Spellcasting
  9301 | D:8      | Found a hazy altar of Hepliaklqana.
  9389 | D:8      | Found a basalt altar of Yredelemnul.
  9623 | D:8      | Found a staircase to the Lair.
  9933 | D:9      | Noticed a two-headed ogre
  9936 | D:9      | Killed a two-headed ogre
 10240 | D:9      | Found a shadowy altar of Dithmenos.
 10261 | D:9      | Found a glowing golden altar of the Shining One.
 10261 | D:9      | Found a white marble altar of Elyvilon.
 10261 | D:9      | Found a glowing silver altar of Zin.
 10471 | D:9      | Reached skill level 1 in Maces & Flails
 10471 | D:9      | Reached XP level 11. HP: 69/74 MP: 0/0
 10471 | D:9      | Learned a level 4 spell: Summon Lightning Spire
 10474 | D:9      | Reached skill level 11 in Spellcasting
 10780 | D:9      | Found a staircase to the Orcish Mines.
 11381 | D:10     | Entered Level 10 of the Dungeon
 11412 | D:10     | Bought the amulet of the Air {Inacc Air Fly rElec RMsl} for
                  | 564 gold pieces
 11412 | D:10     | Found the amulet of the Air {Inacc Air Fly rElec RMsl}
 11441 | D:10     | Reached skill level 5 in Fighting
 11785 | D:10     | Noticed Nergalle
 11793 | D:10     | Killed Nergalle
 12132 | D:10     | Noticed a two-headed ogre
 12137 | D:10     | Killed a two-headed ogre
 13014 | D:10     | Found a snail-covered altar of Cheibriados.
 13704 | D:11     | Noticed a boulder beetle
 13717 | D:11     | HP: 3/76 [boulder beetle (24)]
 13718 | D:11     | Killed a boulder beetle
 14428 | D:11     | Noticed a boulder beetle
 14434 | D:11     | Reached skill level 12 in Spellcasting
 14564 | D:11     | Reached XP level 12. HP: 74/83 MP: 0/0
 14793 | D:11     | HP: 1/83 [boulder beetle (15)]
 14795 | D:11     | Mangled by a boulder beetle

Illustrated notes

Levels and vault maps discovered:
D:1:      mrwooster_arrival_statue, layout_loops_cross, minmay_pentomino_x4
D:2:      layout_basic, ebering_ecumenical_altar_webs, serial_shops, shop,
          feat_on_display
D:3:      layout_loops_cross
D:4:      layout_gridville, led_sif_book, minmay_temple_entry_butterflies,
          st_stairs_4
D:5:      layout_cave_pools, kennysheep_generic_room_3
D:6:      layout_layer_cave, uniq_menkaure, uniq_eustachio, uniq_duvessa,
          uniq_grinder, uniq_crazy_yiuf_cottage
D:7:      layout_loops_ring
D:8:      layout_gridville, nicolae_hepliaklqana_hippocampus,
          yredelemnul_forgotten_temple_becter, erik_lair_island
D:9:      layout_cave_pools, good_gods_mini_temple, lemuel_tele_altar,
          zombieorc1_lemuel, serial_glass, glass_columns_c, glass_columns_b
D:10:     layout_layer_cave, overflow_temple_1_default, uniq_nergalle
D:11:     layout_rooms, chequers_mini_garden
Temple:   eino_temple_lava

Skill      XL: |  1  2  3  4  5  6  7  8  9 10 11 |
---------------+----------------------------------+-----
Spellcasting   | 3 4 5 6 7 9 10 12 | 12.0
Fighting       | 1 2 3 4 6 |  6.2
Stealth        | 2 3 4 |  4.6
Dodging        | 3 |  3.9
Maces & Flails | 1 3 |  3.3
Shields        | |  0.3

Action                   |  1- 3 |  4- 6 |  7- 9 | 10-12 || total
-------------------------+-------+-------+-------+-------++-------
Melee: Mace              |       |     1 |       |    79 ||    80
 Cast: Foxfire           |    69 |   113 |   251 |    60 ||   493
       Sticky Flame      |       |     2 |     8 |    13 ||    23
       Fireball          |       |       |     2 |    99 ||   101
       Summon Lightning  |       |       |       |     8 ||     8
       Teleport Other    |       |       |       |     1 ||     1
Invok: Call Merchant     |       |       |       |     1 ||     1
  Use: Potion            |       |       |       |     7 ||     7
       Scroll            |       |       |       |    14 ||    14
 Stab: Distracted        |       |       |       |     4 ||     4
       Sleeping          |       |       |       |     1 ||     1
Armor: Robe              |       |     5 |     7 |    32 ||    44
Dodge: Dodged            |     6 |    20 |    16 |    51 ||    93
Block: Other             |       |       |     1 |     8 ||     9

Table legend: (Time is in decaauts)
 A = Elapsed time spent in this place.
 B = Non-inter-level travel time spent in this place.
 C = Inter-level travel time spent in this place.
 D = Time resting spent in this place.
 E = Time spent auto-exploring this place.
 F = Levels seen in this place.
 G = Mean time per level.
                   A        B        C        D        E       F      G
               +--------+--------+--------+--------+--------+-----+--------+
         Total |  14800 |  14459 |    341 |   1073 |  11833 |  12 | 1233.3 |
       Dungeon |  14785 |  14451 |    334 |   1073 |  11833 |  11 | 1344.1 |
        Temple |     14 |      7 |      7 |      0 |      0 |   1 |   14.0 |
               +--------+--------+--------+--------+--------+-----+--------+

Top non-repeatable levels by time:
    D:10: 1953 daAuts
     D:6: 1944 daAuts
     D:8: 1788 daAuts
     D:9: 1497 daAuts
     D:4: 1489 daAuts
     D:3: 1332 daAuts
    D:11: 1240 daAuts
     D:7: 1013 daAuts
     D:1: 942 daAuts
     D:2: 910 daAuts
     D:5: 673 daAuts
  Temple: 14 daAuts
